 Dungeon Crawl Stone Soup version 0.14.0-24-gfb45beb (webtiles) character file.

507000 4tharraofdagon the Slayer (level 23, -3/223 (234) HPs)
             Began as a Minotaur Gladiator on Apr 19, 2014.
             Was the Champion of Makhleb.
             Killed from afar by a Hell Sentinel (55 damage)
             ... with a blast of hellfire
             ... on Level 7 of the Iron City of Dis on Apr 22, 2014.
             The game lasted 04:27:56 (27959 turns).

4tharraofdagon the Slayer (Minotaur Gladiator)     Turns: 27959, Time: 04:27:56

HP  -3/223 (234) AC 29     Str 26      XL: 23   Next: 16%
MP  24/24        EV  9     Int 11      God: Makhleb [******]
Gold 610         SH 35     Dex 15      Spells:  8 memorised,  5 levels left

rFire  + + +     SeeInvis +     w - +5 eveningstar (elec)
rCold  + + +     Clarity  .     J - +4 chain mail of Shreschu {rElec rF++ rN+ Acc-2}
rNeg   + + .     Conserve .     t - +5 shield of Resistance {rF+ rC+ MR+}
rPois  .         rCorr    .     P - +2 hat
rElec  +         rRot     .     b - +4 cloak of Articulation {MR++}
SustAb . .       Spirit   .     N - -4 pair of gloves "Ynywnu" {rF+ rC+ rN+}
rMut   +         Warding  .     j - +1 pair of boots "Shricoz" {SInv}
Saprov . . .     Stasis   .     p - amulet of resist mutation
MR     +++++                    g - cursed ring of Usoit Uda {Hunger- rC+ MR++ Stlth++}
                                K - ring of regeneration

@: almost entirely resistant to hostile enchantments, extremely unstealthy
A: retaliatory headbutt, hooves 1, horns 2, thin metallic scales 1, agile 2, low
mp 1, slow metabolism 2, strong 1
a: Minor Destruction, Lesser Servant of Makhleb, Major Destruction, Greater
Servant of Makhleb, Renounce Religion
}: 5/15 runes: barnacled, slimy, silver, golden, gossamer


You were on level 7 of the Iron City of Dis.
You worshipped Makhleb.
Makhleb was exalted by your worship.
You were not hungry.

You visited 14 branches of the dungeon, and saw 69 of its levels.

You collected 3194 gold pieces.
You spent 2584 gold pieces at shops.

Inventory:

Hand weapons
 w - a +5,+5 eveningstar of electrocution (weapon)
 X - a cursed +1,+3 vampiric morningstar
Missiles
 G - 2 throwing nets (quivered)
Armour
 b - the +4 cloak of Articulation (worn) {MR++}
   (You acquired it on level 14 of the Dungeon)

   It affects your resistance to hostile enchantments.
 j - the +1 pair of boots "Shricoz" (worn) {SInv}
   (You found it on level 3 of the Elven Halls)

   It enhances your eyesight.
 t - the +5 shield of Resistance (worn) {rF+ rC+ MR+}
   (You acquired it on level 13 of the Dungeon)

   It protects you from fire.
   It protects you from cold.
   It affects your resistance to hostile enchantments.
 J - the +4 chain mail of Shreschu (worn) {rElec rF++ rN+ Acc-2}
   (You found it on level 3 of the Elven Halls)

   It affects your accuracy with ranged weapons and melee attacks (-2).
   It greatly protects you from fire.
   It insulates you from electricity.
   It protects you from negative energy.
 N - the -4 pair of gloves "Ynywnu" (worn) {rF+ rC+ rN+}
   (You found it on level 3 of the Elven Halls)

   It protects you from fire.
   It protects you from cold.
   It protects you from negative energy.
 P - a +2 hat (worn)
Magical devices
 a - a wand of teleportation (2)
 L - a wand of invisibility (1)
 Q - a wand of digging (9)
 V - a wand of heal wounds (2)
Comestibles
 A - 14 meat rations
 F - a royal jelly
 U - 3 pieces of ambrosia
Scrolls
 e - 5 scrolls of identify
 H - a scroll of summoning
 T - a scroll of fear
Jewellery
 g - the cursed ring of Usoit Uda (right hand) {Hunger- rC+ MR++ Stlth++}
   (You found it on level 6 of the Pits of Slime)

   [ring of sustenance]

   It protects you from cold.
   It affects your resistance to hostile enchantments.
   It makes you much more stealthy.
   It has a curse placed upon it.
 k - a cursed +5 ring of intelligence
 n - an uncursed ring of teleportation
 p - an amulet of resist mutation (around neck)
 r - the cursed ring of Ledecung {+Fly rElec rPois}
   (You bought it in a shop on level 4 of the Orcish Mines)

   [ring of flight]

   It insulates you from electricity.
   It protects you from poison.
   It has a curse placed upon it.
 v - an uncursed ring of sustain abilities
 x - an uncursed ring of positive energy
 D - an uncursed amulet of stasis
 E - an uncursed amulet of rage
 K - a ring of regeneration (left hand)
 R - a cursed ring of regeneration
Potions
 i - a potion of berserk rage
 o - a potion of paralysis {unknown}
 z - 9 potions of curing
 M - a potion of haste
 O - 2 potions of restore abilities
 S - 2 potions of brilliance
 W - 2 potions of might
Books
 d - a book of the Warp

   Spells                             Type                      Level
   *Control Teleport                  Charms/Translocation         4
   Phase Shift                        Translocation                5
   Warp Weapon                        Charms/Translocation         5
   Summon Forest                      Summoning/Translocation      5
   Dispersal                          Translocation                6
   *Controlled Blink                  Translocation                7
   Disjunction                        Translocation                8
 s - a book of the Dragon

   Spells                             Type                      Level
   *Flight                            Charms/Air                   3
   Cause Fear                         Hexes                        4
   Bolt of Fire                       Conjuration/Fire             6
   Dragon Form                        Transmutation                7
   Dragon's Call                      Summoning                    9
Magical staves
 c - an uncursed staff of energy
 m - an uncursed staff of wizardry
Miscellaneous
 f - a sack of spiders
 l - a lamp of fire
 q - a fan of gales
 u - an ornate deck of dungeons {Water}
 B - a fan of gales
 I - a lamp of fire
Rods
 h - a cursed +2 rod of the swarm (9/9)
   (You found it on level 8 of the Lair of Beasts)
 y - a cursed +7 rod of ignition (9/9)
   (You found it on level 6 of the Pits of Slime)
 Z - a cursed +0 lightning rod (12/12)
   (You found it on level 3 of the Elven Halls)


   Skills:
 - Level 25.0 Fighting
   Level 7.1 Axes
 - Level 20.2 Maces & Flails
 - Level 2.0 Throwing
 - Level 19.0 Armour
 - Level 3.2 Dodging
 - Level 15.1 Shields
 - Level 5.0 Spellcasting
 - Level 3.1 Charms
 * Level 15.4 Translocations
 - Level 6.2 Invocations
 - Level 5.2 Evocations


You had 5 spell levels left.
You knew the following spells:

 Your Spells              Type           Power        Failure   Level  Hunger
a - Apportation           Tloc           #####.....   1%          1    None
b - Blink                 Tloc           N/A          1%          2    ##.....
c - Haste                 Chrm           #.......     100%        6    #######
d - Swiftness             Chrm/Air       #.......     43%         2    ##.....
e - Stoneskin             Trmt/Erth      #.........   80%         2    ##.....
f - Controlled Blink      Tloc           N/A          78%         7    #######
g - Flight                Chrm/Air       #.........   83%         3    ###....
h - Control Teleport      Chrm/Tloc      ###.......   12%         4    ####...


Dungeon Overview and Level Annotations

Branches:
Dungeon (15/15)            Temple (1/1) D:5             Orc (4/4) D:9
    Elf (3/3) Orc:3          Lair (8/8) D:11         Shoals (5/5) Lair:6
 Spider (5/5) Lair:6        Slime (6/6) Lair:8       Vaults (5/5) D:14
  Blade (0/1) Vaults:4      Crypt (3/5) Vaults:3       Tomb (3/3) Crypt:3
   Hell (1/1)                 Dis (7/7) Hell         Depths (3/5) D:15
    Geh: Hell:1         Coc: Hell:1         Tar: Hell:1

Altars:
Ashenzari
Cheibriados
Elyvilon
Fedhas
Makhleb
Sif Muna
Trog
Yredelemnul
Zin
The Shining One
Beogh
Jiyva
Lugonu

Shops:
D:12 ?   Orc:4 ([*=   Shoals:2 %   Vaults:1 %   Vaults:3 *   Vaults:4 }
Vaults:5 *

Portals:
Hell: Depths:2

Annotations:
D:4 Dowan, Duvessa
D:9 THINK
Lair:4 SWAMP???
Lair:6 KRAKEN DEN
Shoals:4 exclusion: Roxanne, Roxanne
Shoals:5 BRB
Spider:3 Mara
Vaults:3 CRYPT
Hell Murray


Innate Abilities, Weirdness & Mutations

You reflexively headbutt those who attack you in melee.
You have a pair of horns on your head.
You have large cloven feet.
You are partially covered in thin metallic scales (AC +2).
You are very agile. (Dex +4)
Your magical capacity is low (-10% MP).
You need consume almost no food.
Your muscles are strong. (Str +2)


Message History

The Hell Sentinel hits you but does no damage.
A Hell Sentinel comes into view.
You are struck by the Hell Sentinel's spines.
* * * LOW HITPOINT WARNING * * *
You bludgeon the Hell Sentinel!!
You kill the Hell Sentinel!
Makhleb accepts your kill.
You feel a little better.
Your life force feels restored.
The Hell Sentinel gestures at you.
The hellfire explodes!
The blast of hellfire engulfs the Hell Sentinel.
The Hell Sentinel completely resists.
The blast of hellfire engulfs you!
* * * LOW HITPOINT WARNING * * *
Unknown command.
Read which item? (? for menu, Esc to quit)
Okay, then.
The Hell Sentinel gestures at you.
The hellfire explodes!
The blast of hellfire engulfs you!
You die...

#....# #....# .1#
#....# ..# #....#
..# #....### #..#
+.#....# ...#
+.#....# ...
#####..#########'#
#...%.....@1.#
#..%%........#
##############


You could see a Hell Sentinel.

Vanquished Creatures
  the royal jelly (Slime:6)
  15 greater mummies
  Geryon (Hell)
  A golden dragon (Vaults:5)
  A bone dragon (Depths:2)
  A large abomination (Vaults:5)
  5 tentacled monstrosities (Vaults:5)
  A hellephant (Hell)
  A Hell Sentinel (Dis:7)
  4 titans (Vaults:5)
  A quicksilver dragon (Dis:2)
  2 liches
  2 deep elf blademasters (Elf:3)
  2 deep elf master archers (Elf:3)
  2 storm dragons
  A kraken (Shoals:5)
  12 sphinxes
  21 acid blobs
  2 tengu reavers
  A shadow dragon (Vaults:5)
  11 azure jellies
  The ghost of CatPlusPlus the Severer, a powerful DDFi of Makhleb (Spider:2)
  Donald (Vaults:1)
  11 vault wardens
  5 frost giants
  An orc warlord (Orc:4)
  4 fire giants
  7 iron dragons
  4 deep elf sorcerers
  Aizul (Vaults:4)
  3 ghost moths (Spider:5)
  3 deep elf demonologists
  4 emperor scorpions
  9 stone giants
  3 war gargoyles
  2 rakshasas (D:15)
  15 reapers
  9 deep elf annihilators
  7 ettins
  31 vault guards
  A blizzard demon (Hell)
  8 death oozes
  6 merfolk impalers
  15 mummy priests
  2 jiangshi (Crypt:1)
  8 deep elf death magi
  A quicksilver dragon zombie (Dis:7)
  2 deep elf high priests
  16 ironheart preservers
  A spriggan air mage (Depths:3)
  2 giant orange brains (D:15)
  2 great orbs of eyes
  2 ravenous item mimics
  4 sirens
  8 yaktaur captains
  A ravenous feature mimic (Crypt:3)
  4 hydras
  3 dancing weapons (Vaults:4)
  The ghost of satsukimygoddess the Conjurer, a powerful DrCj of Vehumet (Lair:1)
  Erica (D:12)
  An alligator snapping turtle (Shoals:5)
  4 merfolk aquamancers (Shoals:5)
  24 death yaks
  A deep troll shaman (Vaults:3)
  2 plague shamblers
  12 ogre magi
  A deep dwarf death knight (Vaults:3)
  A spectral elf (Elf:3)
  Urug (D:12)
  8 soul eaters
  2 orc high priests
  4 centaur warriors
  A spriggan berserker (Depths:2)
  4 very ugly things
  A hell knight (Vaults:3)
  An iron golem (Hell)
  A storm dragon zombie (Dis:6)
  3 catoblepae (Lair:8)
  A fire crab (Vaults:1)
  A titan skeleton (Tomb:3)
  A shadow wraith (Vaults:3)
  4 ice devils
  A skeletal warrior (Dis:2)
  9 iron trolls
  3 sea snakes
  6 deep elf knights
  An unseen horror (shapeshifter) (Vaults:5)
  2 wizards (Depths:2)
  8 deep trolls
  A quicksilver dragon simulacrum (Tomb:2)
  A golden dragon zombie (Dis:6)
  3 deep elf summoners (Vaults:2)
  4 water nymphs (Shoals:5)
  5 ironbrand convokers
  10 hell beasts (Hell)
  2 unseen horrors (D:14)
  An anaconda zombie (Hell)
  2 flayed ghosts (Depths:2)
  A harpy (shapeshifter) (Vaults:5)
  A flaming corpse (Dis:4)
  A hellion (Dis:6)
  A spectral human (Vaults:5)
  A deep troll (shapeshifter) (D:15)
  6 orb spiders
  12 harpies
  2 necromancers
  2 lindwurms
  6 hill giants
  8 orc knights
  2 iron dragon zombies
  8 deep elf conjurers
  6 manticores
  5 griffons
  A fire giant zombie (Crypt:1)
  6 shining eyes
  3 red wasps
  4 cyclopes
  2 human zombies (Vaults:2)
  19 wolf spiders
  3 orc sorcerers (Orc:4)
  2 fauns (Shoals:3)
  4 phantasmal warriors
  A dire elephant zombie (Dis:7)
  12 elephants
  A molten gargoyle (Hell)
  5 mermaids
  A fire giant skeleton (Vaults:2)
  An octopode (shapeshifter) (D:15)
  16 vault sentinels
  7 tormentors
  An emperor scorpion zombie (Dis:7)
  Psyche (D:12)
  2 spiny frogs
  An eye of devastation (Slime:4)
  3 black mambas
  3 kobold demonologists (D:12)
  A shock serpent skeleton (Tomb:2)
  A queen ant (Spider:1)
  86 guardian mummies
  A hellwing (Dis:2)
  A small abomination (Elf:3)
  An efreet (D:13)
  2 fire drakes
  34 yaktaurs
  9 deep elf priests
  17 merfolk
  A silent spectre (Vaults:3)
  A hydra zombie (D:11)
  11 iron devils
  5 demonic crawlers
  3 blue devils
  A komodo dragon (Lair:8)
  A wind drake (shapeshifter) (D:15)
  52 slime creatures
  5 freezing wraiths
  17 jumping spiders
  A raven (shapeshifter) (D:15)
  2 wind drakes
  A boulder beetle (shapeshifter) (Vaults:4)
  4 trolls
  An alligator zombie (Dis:1)
  2 boggarts (D:14)
  19 two-headed ogres
  A spectral orc (D:14)
  7 blink frogs
  An ettin zombie (Dis:6)
  3 boulder beetles
  13 trapdoor spiders
  18 brown oozes
  A basilisk (shapeshifter) (Vaults:4)
  26 flying skulls
  A raiju (shapeshifter) (Vaults:4)
  A stone giant simulacrum (Vaults:2)
  17 tarantellas
  A moth of wrath skeleton (Dis:2)
  A ynoxinul (Elf:3)
  A fire dragon skeleton (Crypt:1)
  A guardian serpent skeleton (Crypt:3)
  34 redbacks
  4 wraiths
  2 basilisks
  4 water elementals
  A yak (shapeshifter) (D:13)
  19 shadows
  15 snapping turtles
  2 vampires
  12 sharks
  An elephant slug (Lair:8)
  2 golden eyes (Slime:6)
  11 deep elf magi
  Eustachio (D:5)
  11 yaks
  10 deep elf fighters
  22 ugly things
  A fire elemental (Hell)
  7 wargs
  6 wolves
  A neqoxec (Tomb:3)
  10 hell hounds
  3 soldier ants (Spider:1)
  7 swamp worms (Lair:1)
  Edmund (D:9)
  3 hippogriffs
  A soldier ant (shapeshifter) (Vaults:4)
  8 giant goldfish
  8 water moccasins
  2 ice beasts
  44 orc warriors
  6 porcupines
  A sky beast (D:14)
  5 spiders
  A spider (shapeshifter) (Vaults:5)
  3 boring beetles
  8 centaurs
  12 crocodiles
  55 ogres
  A brain worm (Lair:1)
  16 giant slugs
  2 big kobolds
  11 giant frogs
  A giant slug (shapeshifter) (Vaults:5)
  A wyvern skeleton (Crypt:1)
  3 scorpions
  7 eyes of draining
  5 killer bees (D:14)
  11 wights
  A yak skeleton (Crypt:1)
  A hippogriff skeleton (D:8)
  A troll skeleton (D:10)
  13 electric eels
  7 iron imps
  13 big fish
  6 goliath beetles
  3 crimson imps
  2 two-headed ogre zombies
  An elf zombie (Vaults:2)
  9 jellies
  Crazy Yiuf (D:2)
  26 orc priests
  13 hounds
  4 iguanas
  20 orc wizards
  A human skeleton (Tomb:3)
  18 worker ants
  Natasha (D:6)
  2 quasits
  3 orange rats (Vaults:2)
  18 sheep
  A sky beast zombie (D:11)
  5 ogre zombies
  A hound skeleton (D:11)
  41 mummies
  A worker ant zombie (D:5)
  7 gnolls
  12 adders
  38 green rats
  A shadow imp (D:9)
  10 worms
  3 giant eyeballs
  3 giant geckos
  2 oozes
  158 orcs
  15 bats
  11 goblins
  6 hobgoblins
  3 jackals (Lair:1)
  26 kobolds
  4 giant cockroaches
  4 giant newts
  A giant newt skeleton (Crypt:1)
  A giant spore (D:5)
  An orc skeleton (D:8)
  An orc zombie (D:10)
  10 quokkas
  A quokka skeleton (D:8)
  14 rats
  2 fungi (D:2)
  3 plants
  4 tentacles (Shoals:5)
1925 creatures vanquished.

Vanquished Creatures (collateral kills)
  Arachne (Spider:3)
  2 deep elf sorcerers (Elf:3)
  A deep elf annihilator (Elf:3)
  A death yak (Lair:7)
  2 orc high priests (Orc:4)
  2 spectral elves (Elf:3)
  Nergalle (D:14)
  3 orb spiders
  3 orc knights (Orc:4)
  A shining eye (Slime:6)
  A deep elf conjurer (Elf:3)
  An orc sorcerer (Orc:4)
  2 eyes of devastation (Slime:2)
  2 demonic crawlers
  2 jumping spiders
  A two-headed ogre (D:14)
  A komodo dragon (Lair:7)
  3 slime creatures (Slime:4)
  A brown ooze (Slime:3)
  4 redbacks
  2 tarantellas
  2 sharks
  A trapdoor spider (Spider:5)
  2 ugly things (D:14)
  2 deep elf fighters (Elf:3)
  A spider (Spider:2)
  7 orc warriors (Orc:4)
  5 orc priests (Orc:4)
  5 orc wizards (Orc:4)
  A mummy (Tomb:3)
  10 orcs
  3 oozes
  2 spectral orcs (D:14)
78 creatures vanquished.

Vanquished Creatures (others)
  An Executioner (Lair:7)
  A tengu reaver (Vaults:5)
  A yaktaur captain (Vaults:5)
  A deep elf high priest (Elf:3)
  A hydra (Lair:8)
  A deep elf knight (Elf:2)
  An anaconda zombie (Dis:3)
  2 fire giant skeletons (Tomb:2)
  A frost giant skeleton (Tomb:2)
  An orange demon (Lair:7)
  15 drowned souls
  A dire elephant skeleton (Tomb:2)
  A hellwing (Spider:5)
  5 air elementals
  3 two-headed ogres
  An ettin skeleton (Tomb:2)
  7 fire elementals
  A spider (Slime:6)
  An iguana (Lair:1)
  A giant mite (Slime:6)
  A quokka (Lair:6)
  2 orc zombies
  79 eldritch tentacle segments (Dis:4)
  A fungus (Lair:4)
  5 plants
  9 tentacles (Shoals:5)
  133 tentacle segments (Shoals:5)
277 creatures vanquished.

Grand Total: 2280 creatures vanquished

Notes
Turn   | Place    | Note
--------------------------------------------------------------
     0 | D:1      | 4tharraofdagon, the Minotaur Gladiator, began the quest for the Orb.
     0 | D:1      | Reached XP level 1. HP: 18/18 MP: 1/1
   126 | D:2      | Reached skill level 4 in Axes
   126 | D:2      | Reached skill level 1 in Armour
   126 | D:2      | Reached XP level 2. HP: 16/25 MP: 1/1
   187 | D:2      | Noticed Crazy Yiuf
   203 | D:2      | Killed Crazy Yiuf
   203 | D:2      | Reached XP level 3. HP: 9/31 MP: 2/2
   620 | D:4      | Reached skill level 5 in Axes
   620 | D:4      | Reached XP level 4. HP: 35/38 MP: 2/2
   786 | D:4      | Found a shattered altar of Ashenzari.
   788 | D:4      | Found a deep blue altar of Sif Muna.
   792 | D:4      | Reached XP level 5. HP: 35/46 MP: 2/2
   972 | D:5      | Entered Level 5 of the Dungeon
   972 | D:5      | Noticed Eustachio
   972 | D:5      | Noticed an ogre
   999 | D:5      | Killed an ogre
   999 | D:5      | Reached skill level 6 in Axes
  1004 | D:5      | Killed Eustachio
  1004 | D:5      | Reached XP level 6. HP: 4/53 MP: 3/3
  1007 | D:5      | HP: 1/53 [shot self (4)]
  1100 | D:5      | Found a staircase to the Ecumenical Temple.
  1108 | Temple   | Entered the Ecumenical Temple
  1112 | Temple   | Became a worshipper of Makhleb the Destroyer
  1222 | D:4      | Noticed Dowan
  1224 | D:4      | Noticed Duvessa
  1253 | D:5      | Found a white marble altar of Elyvilon.
  1366 | D:6      | Found a blossoming altar of Fedhas.
  1384 | D:6      | Noticed Natasha
  1387 | D:6      | Got a crude whip
  1393 | D:6      | Killed Natasha
  1393 | D:6      | Reached skill level 7 in Axes
  1429 | D:5      | Identified the +0,+8 whip of Massacring {venom, rPois Dex+3} (You found it on level 6 of the Dungeon)
  1449 | D:5      | Reached skill level 1 in Maces & Flails
  1449 | D:5      | Reached XP level 7. HP: 60/60 MP: 3/3
  1482 | D:6      | Found a snail-covered altar of Cheibriados.
  1498 | D:6      | Reached skill level 5 in Fighting
  1689 | D:9      | Reached skill level 5 in Maces & Flails
  1689 | D:9      | Reached skill level 5 in Armour
  1750 | D:9      | Acquired Makhleb's first power
  1830 | D:9      | Found a staircase to the Orcish Mines.
  1842 | D:9      | Reached XP level 8. HP: 62/69 MP: 3/3
  1872 | D:9      | Reached skill level 8 in Maces & Flails
  1900 | D:10     | Entered Level 10 of the Dungeon
  1942 | D:10     | Noticed a two-headed ogre
  1956 | D:9      | Acquired Makhleb's second power
  2000 | D:9      | Reached skill level 9 in Maces & Flails
  2139 | D:9      | Noticed Edmund
  2153 | D:9      | Killed Edmund
  2153 | D:9      | Reached skill level 1 in Invocations
  2177 | D:8      | Noticed a two-headed ogre
  2188 | D:8      | Acquired Makhleb's third power
  2191 | D:8      | Killed a two-headed ogre
  2191 | D:8      | Reached skill level 10 in Maces & Flails
  2342 | D:8      | Reached XP level 9. HP: 74/74 MP: 9/9
  2510 | D:10     | Identified a -3 rod of ignition (13/13) (You found it on level 10 of the Dungeon)
  2597 | D:10     | Killed a two-headed ogre
  2597 | D:10     | Reached skill level 11 in Maces & Flails
  2597 | D:10     | Reached skill level 1 in Evocations
  2763 | D:10     | Gained mutation: You are agile. (Dex +2) [mutagenic meat]
  2764 | D:10     | Gained mutation: You have a slow metabolism. [mutagenic meat]
  2765 | D:10     | Gained mutation: Your magical capacity is low (-10% MP). [mutagenic meat]
  2859 | D:12     | Acquired Makhleb's fourth power
  2895 | D:12     | Reached skill level 12 in Maces & Flails
  2917 | D:12     | Noticed Erica
  2938 | D:12     | Killed Erica
  2938 | D:12     | Reached skill level 5 in Invocations
  2938 | D:12     | Reached XP level 10. HP: 78/81 MP: 10/10
  3026 | D:11     | Noticed a hill giant
  3036 | D:11     | Killed a hill giant
  3036 | D:11     | Reached skill level 13 in Maces & Flails
  3111 | D:11     | Found a staircase to the Lair.
  3122 | Lair:1   | Entered Level 1 of the Lair of Beasts
  3225 | Lair:1   | Noticed satsukimygoddess' ghost (powerful DrCj)
  3320 | Lair:3   | Reached skill level 5 in Evocations
  3641 | Lair:4   | Reached skill level 14 in Maces & Flails
  3761 | Lair:5   | Noticed a six-headed hydra
  3979 | Lair:5   | Reached XP level 11. HP: 81/88 MP: 14/14
  4014 | Lair:5   | Reached skill level 15 in Maces & Flails
  4393 | Lair:7   | Noticed a seven-headed hydra
  4467 | Lair:7   | Killed a seven-headed hydra
  4467 | Lair:7   | Reached skill level 16 in Maces & Flails
  4487 | Lair:8   | Entered Level 8 of the Lair of Beasts
  4596 | Lair:8   | Noticed a six-headed hydra
  4674 | Lair:7   | Found a glowing silver altar of Zin.
  4712 | Lair:7   | Noticed a lindwurm
  4722 | Lair:7   | Killed a lindwurm
  4851 | Lair:7   | Acquired Makhleb's fifth power
  4925 | Lair:7   | Noticed a death yak
  4925 | Lair:7   | Noticed a death yak
  4926 | Lair:7   | Noticed a death yak
  4926 | Lair:7   | Noticed a death yak
  4927 | Lair:7   | Noticed a death yak
  4935 | Lair:7   | Killed a death yak
  4956 | Lair:7   | Killed a death yak
  4977 | Lair:7   | Killed a death yak
  4977 | Lair:7   | Reached skill level 17 in Maces & Flails
  4977 | Lair:7   | Reached XP level 12. HP: 52/100 MP: 16/16
  4980 | Lair:7   | Killed a death yak
  4985 | Lair:7   | Killed a death yak
  5389 | Lair:8   | Noticed a lindwurm
  5399 | Lair:8   | Reached skill level 18 in Maces & Flails
  5404 | Lair:8   | Killed a lindwurm
  5452 | Lair:8   | Noticed a catoblepas
  5483 | Lair:8   | Killed a catoblepas
  5496 | Lair:8   | Noticed a death yak
  5496 | Lair:8   | Noticed a death yak
  5526 | Lair:8   | Killed a death yak
  5539 | Lair:8   | Killed a death yak
  5563 | Lair:8   | Noticed a death yak
  5593 | Lair:8   | Killed a death yak
  5665 | Lair:8   | Noticed a death yak
  5666 | Lair:8   | Noticed a death yak
  5667 | Lair:8   | Noticed a death yak
  5697 | Lair:8   | Killed a death yak
  5699 | Lair:8   | Killed a death yak
  5711 | Lair:8   | Killed a death yak
  5711 | Lair:8   | Reached XP level 13. HP: 111/113 MP: 16/16
  5750 | Lair:8   | Noticed a death yak
  5752 | Lair:8   | Noticed a death yak
  5753 | Lair:8   | Noticed a death yak
  5801 | Lair:8   | Noticed a death yak
  5805 | Lair:8   | Killed a death yak
  5805 | Lair:8   | Reached skill level 10 in Fighting
  5806 | Lair:8   | Killed a death yak
  5822 | Lair:8   | Killed a death yak
  5830 | Lair:8   | Killed a six-headed hydra
  5848 | Lair:8   | Killed a death yak
  5863 | Lair:8   | Noticed a catoblepas
  5900 | Lair:8   | Killed a catoblepas
  5953 | Lair:8   | Noticed a death yak
  5953 | Lair:8   | Noticed a death yak
  5953 | Lair:8   | Noticed a death yak
  5971 | Lair:8   | Killed a death yak
  5971 | Lair:8   | Reached skill level 19 in Maces & Flails
  5971 | Lair:8   | Reached skill level 10 in Armour
  5990 | Lair:8   | Killed a death yak
  5999 | Lair:8   | Killed a death yak
  6022 | Lair:8   | Noticed a catoblepas
  6045 | Lair:8   | Killed a catoblepas
  6060 | Lair:8   | Identified a +2 rod of the swarm (9/9) (You found it on level 8 of the Lair of Beasts)
  6257 | Lair:6   | Found a staircase to the Shoals.
  6413 | Lair:5   | Identified a scroll of acquirement
  6625 | Lair:2   | Found a white marble altar of Elyvilon.
  7002 | D:12     | Noticed a manticore
  7013 | D:12     | Killed a manticore
  7034 | D:12     | Noticed a kobold demonologist
  7035 | D:12     | Noticed a kobold demonologist
  7035 | D:12     | Found a corrupted altar of Lugonu.
  7035 | D:12     | Noticed a kobold demonologist
  7040 | D:12     | Killed a kobold demonologist
  7042 | D:12     | Killed a kobold demonologist
  7048 | D:12     | Killed a kobold demonologist
  7079 | D:12     | Noticed Psyche
  7080 | D:12     | Noticed a hill giant
  7081 | D:12     | Found Fuser's Magic Scroll Boutique.
  7090 | D:12     | Killed Psyche
  7125 | D:12     | Killed a hill giant
  7139 | D:12     | Bought a scroll of identify for 28 gold pieces
  7139 | D:12     | Bought a scroll of identify for 28 gold pieces
  7139 | D:12     | Bought a scroll of enchant armour for 105 gold pieces
  7139 | D:12     | Bought a scroll of identify for 28 gold pieces
  7139 | D:12     | Bought a scroll of identify for 28 gold pieces
  7139 | D:12     | Bought a scroll of identify for 28 gold pieces
  7139 | D:12     | Bought a scroll of identify for 28 gold pieces
  7196 | D:13     | Found a roughly hewn altar of Beogh.
  7293 | D:13     | Got a twisted eveningstar
  7294 | D:13     | Identified the +3,+5 eveningstar "Psawn" {venom, Int+2} (You acquired it on level 13 of the Dungeon)
  7338 | D:13     | Noticed a manticore
  7346 | D:13     | Killed a manticore
  7457 | D:13     | Reached skill level 1 in Shields
  7476 | D:13     | Gained mutation: You need consume almost no food. [mutagenic meat]
  7585 | D:15     | Entered Level 15 of the Dungeon
  7657 | D:14     | Noticed Nergalle
  7681 | D:14     | Killed Nergalle
  7681 | D:14     | Reached skill level 20 in Maces & Flails
  7908 | D:14     | Reached XP level 14. HP: 107/124 MP: 17/17
  7925 | D:14     | Reached skill level 5 in Shields
  8017 | D:14     | Got a faintly humming cloak
  8021 | D:14     | Identified the +4 cloak of Articulation {MR++} (You acquired it on level 14 of the Dungeon)
  8021 | D:14     | time to rek elves
  8106 | D:13     | Noticed a seven-headed hydra
  8116 | D:13     | Killed a seven-headed hydra
  8136 | D:12     | Noticed a hill giant
  8140 | D:12     | Killed a hill giant
  8141 | D:12     | Noticed Urug
  8151 | D:12     | Killed Urug
  8294 | Orc:1    | Entered Level 1 of the Orcish Mines
  8335 | Orc:4    | Entered Level 4 of the Orcish Mines
  8395 | Orc:3    | Found a staircase to the Elven Halls.
  8693 | Orc:4    | Noticed an orc warlord
  8797 | Orc:4    | Found Ciusir's General Store.
  8798 | Orc:4    | Found Kliakih's Jewellery Shop.
  8799 | Orc:4    | Found Agaduni's Antique Armour Shop.
  8799 | Orc:4    | Found Striec's Antique Weapon Boutique.
  8804 | Orc:4    | Bought a glowing morningstar for 112 gold pieces
  8806 | Orc:4    | Bought a pair of dazzling boots for 351 gold pieces
  8810 | Orc:4    | Identified the cursed -3 pair of boots "Creutiwu" {rElec rC+} (You bought it in a shop on level 4 of the Orcish Mines)
  8934 | Orc:4    | Killed an orc warlord
  8934 | Orc:4    | Reached skill level 10 in Shields
  8995 | Orc:4    | Bought the ring of Ledecung {+Fly rElec rPois} for 428 gold pieces
  9435 | D:9      | THINK
  9436 | D:9      | Upgraded the game from 0.14.0-17-gc0b17a5 to 0.14.0-18-g0341e45
  9874 | Lair:5   | Killed a six-headed hydra
  9977 | Shoals:1 | Entered Level 1 of the Shoals
 10035 | Shoals:1 | You fall through a shaft!
 10035 | Shoals:2 | Found Doapat's Food Shop.
 10541 | Shoals:4 | Noticed Roxanne
 10580 | Shoals:5 | Entered Level 5 of the Shoals
 10616 | Shoals:5 | Identified Ludir's Catalogue of the Ancient Demons (You found it on level 5 of the Shoals)
 10625 | Shoals:5 | Learned a level 1 spell: Apportation
 10628 | Shoals:5 | Learned a level 2 spell: Blink
 10635 | Shoals:5 | Learned a level 6 spell: Haste
 10736 | Shoals:5 | Reached XP level 15. HP: 122/129 MP: 18/18
 10764 | Shoals:5 | Reached skill level 1 in Translocations
 10864 | Shoals:5 | Reached skill level 1 in Spellcasting
 10913 | Shoals:4 | Reached skill level 1 in Charms
 11551 | Shoals:5 | Noticed a kraken
 11652 | Shoals:5 | Killed a kraken
 11661 | Shoals:5 | Got a barnacled rune of Zot
 11938 | Lair:6   | Found a hole to the Spider Nest.
 11938 | Lair:6   | Noticed an orb spider
 11950 | Lair:6   | Killed an orb spider
 11952 | Spider:1 | Entered Level 1 of the Spider Nest
 12066 | Spider:2 | Noticed CatPlusPlus' ghost (powerful DDFi)
 12321 | Spider:3 | Noticed Arachne
 12347 | Spider:3 | Killed Arachne
 12347 | Spider:3 | Reached skill level 15 in Shields
 12527 | Spider:2 | Killed CatPlusPlus' ghost
 12528 | Spider:2 | RIP bud
 12691 | Spider:3 | Noticed Mara
 12701 | Spider:3 | Noticed 4tharraofdagon's illusion
 12744 | Spider:4 | Gained mutation: You are partially covered in thin metallic scales (AC +2). [potion of mutation]
 12744 | Spider:4 | Gained mutation: You are very agile. (Dex +4) [potion of mutation]
 12744 | Spider:4 | Gained mutation: You have large cloven feet. [potion of mutation]
 12902 | Spider:5 | Entered Level 5 of the Spider Nest
 12913 | Spider:5 | Reached XP level 16. HP: 137/137 MP: 18/18
 13341 | Spider:5 | Reached skill level 15 in Armour
 13396 | Spider:5 | Got a gossamer rune of Zot
 13500 | Spider:5 | Identified a +0 rod of ignition (12/12) (You found it on level 5 of the Spider Nest)
 13692 | Spider:3 | Noticed 4tharraofdagon's illusion
 14295 | Orc:4    | Bought an uncursed amulet of resist corrosion for 240 gold pieces
 14296 | Orc:4    | Bought a cursed ring of hunger for 24 gold pieces
 14367 | Elf:1    | Entered Level 1 of the Elven Halls
 14739 | Elf:3    | Entered Level 3 of the Elven Halls
 15034 | Elf:3    | Noticed a deep elf master archer
 15036 | Elf:3    | Killed a deep elf master archer
 15162 | Elf:3    | Noticed a deep elf blademaster
 15179 | Elf:3    | Noticed a deep elf blademaster
 15195 | Elf:3    | Killed a deep elf blademaster
 15195 | Elf:3    | Reached XP level 17. HP: 107/144 MP: 18/18
 15200 | Elf:3    | Killed a deep elf blademaster
 15216 | Elf:3    | Got a polished chain mail
 15233 | Elf:3    | Got a pair of smoking boots
 15300 | Elf:3    | Noticed a deep elf master archer
 15313 | Elf:3    | Killed a deep elf master archer
 15334 | Elf:3    | Got a pair of dazzling gloves
 15338 | Elf:3    | Identified the cursed -4 pair of gloves "Ynywnu" {rF+ rC+ rN+} (You found it on level 3 of the Elven Halls)
 15359 | Elf:3    | Identified the Incunabulum of Boosts (You found it on level 3 of the Elven Halls)
 15374 | Elf:3    | Identified the cursed +1 pair of boots "Shricoz" {SInv} (You found it on level 3 of the Elven Halls)
 15408 | Elf:3    | nice
 15514 | Elf:3    | Identified the +4 chain mail of Shreschu {rElec rF++ rN+ Acc-2} (You found it on level 3 of the Elven Halls)
 15539 | Elf:3    | Identified Sif Muna's Papyrus of the Earthen Volcanoes (You found it on level 3 of the Elven Halls)
 15565 | Elf:3    | Noticed a Brimstone Fiend
 16032 | Lair:8   | Found a staircase to the Slime Pits.
 16046 | Slime:1  | Entered Level 1 of the Pits of Slime
 16189 | Slime:2  | Paralysed by a giant eyeball for 3 turns
 16230 | Slime:2  | Reached skill level 5 in Translocations
 16249 | Slime:3  | Paralysed by a giant eyeball for 3 turns
 16272 | Slime:3  | Paralysed by a giant eyeball for 3 turns
 16658 | Slime:6  | Entered Level 6 of the Pits of Slime
 16743 | Slime:6  | Reached XP level 18. HP: 155/155 MP: 9/19
 16753 | Slime:6  | Found a viscous altar of Jiyva.
 16760 | Slime:6  | Noticed the royal jelly
 16833 | Slime:6  | Killed the royal jelly
 16833 | Slime:6  | Reached skill level 15 in Fighting
 17078 | Slime:6  | Got a slimy rune of Zot
 17113 | Slime:6  | Identified a +7 rod of ignition (9/9) (You found it on level 6 of the Pits of Slime)
 17158 | Slime:6  | Got a pitted jade ring
 17467 | Lair:1   | Killed satsukimygoddess' ghost
 17484 | D:11     | FUG DIS
 17484 | D:11     | Upgraded the game from 0.14.0-18-g0341e45 to 0.14.0-20-g75a2fc2
 17563 | D:14     | Found a gate to the Vaults.
 17580 | Vaults:1 | Entered Level 1 of the Vaults
 17654 | Vaults:1 | Noticed Donald
 17681 | Vaults:1 | Killed Donald
 17854 | Vaults:1 | Found Pnuung's Food Shop.
 18040 | Vaults:1 | Identified the ring of Usoit Uda {Hunger- rC+ MR++ Stlth++} (You found it on level 6 of the Pits of Slime)
 18605 | Vaults:3 | Reached XP level 19. HP: 169/177 MP: 20/20
 18665 | Vaults:3 | Found Tha Nidu's Assorted Antiques.
 18699 | Vaults:3 | Bought a scroll of identify for 40 gold pieces
 18699 | Vaults:3 | Bought a scroll of teleportation for 60 gold pieces
 18699 | Vaults:3 | Bought a scroll of teleportation for 60 gold pieces
 19009 | Vaults:4 | Found Mnoecveiff's Gadget Shoppe.
 19018 | Vaults:4 | Bought a wand of teleportation (4) for 504 gold pieces
 19030 | Vaults:4 | Noticed Aizul
 19054 | Vaults:4 | Killed Aizul
 19071 | Vaults:4 | Found a bloodstained altar of Trog.
 19087 | Vaults:4 | Found a staircase to the Hall of Blades.
 19299 | Vaults:4 | Gained mutation: Your muscles are strong. (Str +2) [potion of beneficial mutation]
 19301 | Vaults:5 | Entered Level 5 of the Vaults
 19423 | Vaults:4 | Reached skill level 21 in Fighting
 19552 | Vaults:4 | Reached skill level 22 in Fighting
 19637 | Vaults:5 | Found Icubaar's Assorted Antiques.
 19686 | Vaults:5 | Bought a scroll of enchant weapon I for 164 gold pieces
 19686 | Vaults:5 | Bought a scroll labeled CROMURCHUONO for 47 gold pieces
 19686 | Vaults:5 | Bought a scroll of enchant weapon I for 164 gold pieces
 19686 | Vaults:5 | Bought a potion of might for 117 gold pieces
 19703 | Vaults:5 | Reached XP level 20. HP: 169/198 MP: 20/20
 19709 | Vaults:5 | Learned a level 2 spell: Swiftness
 19929 | Vaults:5 | Noticed a golden dragon
 19941 | Vaults:5 | Killed a golden dragon
 19951 | Vaults:5 | Reached skill level 23 in Fighting
 20219 | Vaults:5 | Learned a level 2 spell: Stoneskin
 20341 | Vaults:5 | Reached skill level 24 in Fighting
 20618 | Vaults:5 | Identified the Tome of the Spider (You found it on level 5 of the Vaults)
 20733 | Vaults:5 | Identified the Incunabulum of Flying Boosts (You found it on level 5 of the Vaults)
 20735 | Vaults:5 | Got a silver rune of Zot
 20767 | Vaults:5 | Upgraded the game from 0.14.0-20-g75a2fc2 to 0.14.0-24-gfb45beb
 20775 | Vaults:5 | Learned a level 7 spell: Controlled Blink
 20779 | Vaults:5 | Learned a level 3 spell: Flight
 21281 | Vaults:3 | Found a staircase to the Crypt.
 21300 | Crypt:1  | Entered Level 1 of the Crypt
 21427 | Crypt:1  | Reached XP level 21. HP: 195/212 MP: 21/21
 21441 | Crypt:1  | Reached skill level 25 in Fighting
 21705 | Crypt:3  | Found a staircase to the Tomb.
 21727 | Tomb:1   | Entered Level 1 of the Tomb of the Ancients
 22082 | Tomb:1   | Noticed a greater mummy
 22123 | Tomb:1   | Killed a greater mummy
 22204 | Tomb:1   | Noticed a greater mummy
 22228 | Tomb:1   | Killed a greater mummy
 22261 | Tomb:1   | Reached skill level 5 in Spellcasting
 22339 | Tomb:2   | Noticed a greater mummy
 22561 | Tomb:2   | Noticed a greater mummy
 22561 | Tomb:2   | Noticed a greater mummy
 22562 | Tomb:2   | Noticed a greater mummy
 23112 | Tomb:1   | Killed a greater mummy
 23330 | Tomb:1   | Killed a greater mummy
 23549 | Tomb:1   | Killed a greater mummy
 23683 | Tomb:1   | Killed a greater mummy
 24032 | Tomb:2   | Reached skill level 10 in Translocations
 24156 | Tomb:3   | Entered Level 3 of the Tomb of the Ancients
 24369 | Tomb:3   | Noticed a greater mummy
 24373 | Tomb:3   | Noticed a greater mummy
 24377 | Tomb:3   | Noticed a greater mummy
 24394 | Tomb:2   | Killed a greater mummy
 24574 | Tomb:3   | Noticed a greater mummy
 24593 | Tomb:2   | Killed a greater mummy
 24727 | Tomb:2   | Killed a greater mummy
 25169 | Tomb:2   | Killed a greater mummy
 25173 | Tomb:2   | Got a steaming granite ring
 25286 | Tomb:3   | Noticed a greater mummy
 25307 | Tomb:3   | Noticed a greater mummy
 25611 | Tomb:2   | HP: 8/206 [phantasmal warrior[a greater mummy] (22)]
 25612 | Tomb:2   | Killed a greater mummy
 25612 | Tomb:2   | Reached XP level 22. HP: 22/215 MP: 24/24
 25749 | Tomb:3   | Noticed a greater mummy
 25829 | Tomb:2   | Killed a greater mummy
 25882 | Tomb:3   | Killed a greater mummy
 25978 | Tomb:3   | Noticed a greater mummy
 25989 | Tomb:3   | Got a golden rune of Zot
 26005 | Tomb:3   | Killed a greater mummy
 26104 | Tomb:3   | Learned a level 4 spell: Control Teleport
 26143 | Tomb:3   | Noticed a greater mummy
 26164 | Tomb:3   | Killed a greater mummy
 26186 | Tomb:3   | Identified the ring "Isaew" {AC+1 Str+4} (You took it off a greater mummy on level 2 of the Tomb of the Ancients)
 26524 | D:15     | Found a staircase to the Depths.
 26549 | Depths:1 | Entered Level 1 of the Depths
 26971 | Depths:2 | Found a gateway to Hell.
 26985 | Hell     | Entered the Vestibule of Hell
 26985 | Hell     | Noticed Geryon
 26994 | Hell     | Noticed Murray
 27170 | Hell     | Killed Geryon
 27181 | Hell     | Found a gateway to the Iron City of Dis.
 27187 | Dis:1    | Entered Level 1 of the Iron City of Dis
 27187 | Dis:1    | Found a gateway to Hell.
 27262 | Dis:2    | Found a gateway to Hell.
 27377 | Dis:3    | Found a gateway to Hell.
 27410 | Dis:3    | HP: 6/215 [phantasmal warrior (21)]
 27472 | Dis:4    | Reached skill level 15 in Translocations
 27472 | Dis:4    | Reached XP level 23. HP: 65/223 MP: 24/24
 27510 | Dis:5    | Found a gateway to Hell.
 27607 | Dis:6    | Found a gateway to Hell.
 27618 | Dis:6    | Found a gateway to Hell.
 27746 | Dis:7    | Entered Level 7 of the Iron City of Dis
 27746 | Dis:7    | Found a gateway to Hell.
 27797 | Dis:7    | Found a gateway to Hell.
 27959 | Dis:7    | Killed from afar by a Hell Sentinel

Action                   |  1- 3 |  4- 6 |  7- 9 | 10-12 | 13-15 | 16-18 | 19-21 | 22-24 || total
-------------------------+-------+-------+-------+-------+-------+-------+-------+-------++-------
Melee: War axe           |    54 |    76 |     6 |    10 |       |       |       |       ||   146
       Whip              |       |     2 |   264 |   781 |   309 |       |       |       ||  1356
       Flail             |       |       |    18 |       |       |       |       |       ||    18
       Unarmed           |       |       |       |     8 |       |    28 |       |       ||    36
       Great mace        |       |       |       |       |   216 |       |       |       ||   216
       Eveningstar       |       |       |       |       |  1291 |  1043 |   602 |   895 ||  3831
       Morningstar       |       |       |       |       |       |   560 |  1377 |       ||  1937
Throw: Throwing net      |     4 |     4 |       |       |       |       |       |       ||     8
       Dart              |       |     2 |       |       |       |       |       |       ||     2
 Cast: Apportation       |       |       |       |       |       |    15 |    18 |     5 ||    38
       Control Teleport  |       |       |       |       |       |       |       |     6 ||     6
       Flight            |       |       |       |       |       |       |       |     1 ||     1
Invok: Greater Servant o |       |       |       |     1 |     3 |     2 |       |       ||     6
       Lesser Servant of |       |       |       |     1 |     1 |     2 |       |       ||     4
       Minor Destruction |       |       |       |       |       |    12 |       |       ||    12
       Major Destruction |       |       |       |       |       |     3 |       |       ||     3
 Abil: Evoke Flight      |       |       |       |       |     6 |     1 |       |       ||     7
       Stop Flying       |       |       |       |       |     3 |       |       |       ||     3
       Evoke Teleportati |       |       |       |       |       |    14 |       |    18 ||    32
Evoke: Wand              |       |     1 |     2 |    12 |    15 |    17 |    14 |       ||    61
       Rod               |       |       |     2 |     4 |     3 |       |       |       ||     9
       Fan of gales      |       |       |       |       |     1 |     5 |     3 |       ||     9
       Lamp of fire      |       |       |       |       |       |     6 |     2 |       ||     8
       Sack of spiders   |       |       |       |       |       |     1 |       |       ||     1
       Staff of energy   |       |       |       |       |       |       |       |     8 ||     8
  Use: Potion            |       |     3 |       |     2 |     9 |    10 |    14 |     2 ||    40
       Scroll            |       |     2 |     4 |    16 |    21 |    24 |    20 |    10 ||    97
 Stab: Held in net/web   |     1 |     3 |       |       |       |       |       |       ||     4
       Distracted        |       |       |       |       |     7 |     7 |       |       ||    14
       Invisible         |       |       |       |       |     2 |       |       |       ||     2
       Confused          |       |       |       |       |     1 |       |       |       ||     1
